AoeStats
← RIO1000

Arabia

507988619Analyzed
1v1 RM · 13d ago on Sep 20, 2026· 50m 43s· 2 players
Game mode
Random Map
Map size
Tiny (2 player)
Population
200
Speed
Normal
Resources
Standard
Victory
Conquest
Starting age
Dark Age
Ending age
Imperial Age
RankedLock teamsTeams togetherTeam positionsShared explorationLock speedFull tech treeHidden civsTurbo modeCheats
Victory
Defeat
🇧🇷 Vikings · Brazil
847
+17
🇲🇽 Magyars · Mexico
865
-17
Filcanova
6:39 Loom
9:45 Feudal Age
10:32 Double-Bit Axe
20:46 Castle Age
22:15 Bow Saw
23:14 Fletching
23:35 Forging
23:27 Scale Mail Armor
25:59 Bodkin Arrow
26:41 Iron Casting
26:22 Chain Mail Armor
31:01 Chieftains
40:59 Imperial Age
41:41 Capped Ram
42:42 Siege Ram
46:06 Blast Furnace
45:36 Plate Mail Armor
45:52 Bracer
45:53 Elite Berserk
RIO1000
10:38 Feudal Age
10:12 Loom
11:06 Double-Bit Axe
13:42 Fletching
14:38 Horse Collar
22:46 Castle Age
21:57 Gold Mining
22:42 Bloodlines
24:03 Husbandry
23:45 Crossbowman
25:40 Scale Barding Armor
26:06 Bow Saw
27:57 Wheelbarrow
27:24 Bodkin Arrow
28:54 Padded Archer Armor
29:56 Chain Barding Armor
31:30 Thumb Ring
32:19 Stone Mining
33:07 Hand Cart
34:44 Ballistics
39:46 Town Watch
46:31 Leather Archer Armor
49:06 Imperial Age
46:59 Town Patrol
49:55 Arbalester
Connection lost

Rejoining the realm…

Still unreachable

The connection could not be restored.

Session expired

The server has moved on; the page needs a fresh start.